TOP OF THE 1ST |
Atlanta Braves batting - Pitching for Chicago Cubs : RHP Danny Darwin
|
Pitching: RHP Danny Darwin
|
|
Batting: SHB Tony Fernandez
|
0-0: Ball 1-0: Called Strike 1-1: Bunted foul 1-2: Foul Ball, location: 2F 1-2: Ball 2-2: SINGLE (Groundball, 4M, EV 96.9 MPH) (infield hit)
|
Batting: LHB Mike Hargrove
|
0-0: Ball 1-0: Called Strike 1-1: Swinging Strike 1-2: Ball 2-2: Foul Ball, location: 2F 2-2: Fly out, F9 (Flyball, 9S, EV 91.9 MPH)
|
Batting: LHB Leon Durham
|
0-0: Called Strike 0-1: Called Strike 0-2: Foul Ball, location: 2F 0-2: Ball 1-2: Ball Tony Fernandez steals 2nd base 2-2: Foul Ball, location: 2F 2-2: Strikes out swinging
|
Batting: LHB Karl Pagel
|
0-0: Fly out, F7 (Flyball, 7, EV 88.1 MPH)
|
Top of the 1st over - 0 runs, 1 hit, 0 errors, 1 left on base; Atlanta 0 - Chicago 0 |
BOTTOM OF THE 1ST |
Chicago Cubs batting - Pitching for Atlanta Braves : LHP Randy Lerch
|
Pitching: LHP Randy Lerch
|
|
Batting: RHB Gary Ward
|
0-0: Ball 1-0: Ball 2-0: Foul Ball, location: 2F 2-1: Swinging Strike 2-2: Foul Ball, location: 2F 2-2: Fly out, F7 (Line Drive, 78M, EV 93.8 MPH)
|
Batting: RHB Randy Ready
|
0-0: Called Strike 0-1: Ball 1-1: Ball 2-1: Fly out, F7 (Flyball, 78M, EV 85.0 MPH)
|
Batting: RHB Lonnie Smith
|
0-0: Foul Ball, location: 2F 0-1: Foul Ball, location: 2F 0-2: Ball 1-2: Fly out, F9 (Flyball, 89S, EV 77.5 MPH)
|
Bottom of the 1st over - 0 runs, 0 hits, 0 errors, 0 left on base; Atlanta 0 - Chicago 0 |
TOP OF THE 2ND |
Atlanta Braves batting - Pitching for Chicago Cubs : RHP Danny Darwin
|
Batting: LHB Mike Scioscia
|
0-0: Ball 1-0: Fly out, F9 (Flyball, 89D, EV 106.3 MPH)
|
Batting: RHB Craig Kusick
|
0-0: Called Strike 0-1: Foul Ball, location: 2F 0-2: Ball 1-2: SINGLE (Line Drive, 8LS, EV 92.5 MPH)
|
Batting: LHB Joe L Morgan
|
0-0: Ball 1-0: Ball 2-0: Called Strike 2-1: Called Strike 2-2: Foul Ball, location: 2F 2-2: Ball 3-2: Strikes out swinging
|
Batting: SHB UL Washington
|
0-0: Foul Ball, location: 2F 0-1: Called Strike 0-2: Strikes out swinging
|
Top of the 2nd over - 0 runs, 1 hit, 0 errors, 1 left on base; Atlanta 0 - Chicago 0 |
BOTTOM OF THE 2ND |
Chicago Cubs batting - Pitching for Atlanta Braves : LHP Randy Lerch
|
Batting: RHB Jim Rice
|
0-0: Ball 1-0: Called Strike 1-1: Called Strike 1-2: SINGLE (Line Drive, 8LS, EV 87.5 MPH)
|
Batting: SHB Roy Smalley
|
0-0: Ball 1-0: Ball 2-0: Called Strike 2-1: Ball 3-1: Called Strike 3-2: SINGLE (Groundball, 4MD, EV 102.5 MPH) Jim Rice to second Runner from 2nd tries for 3rd, SAFE, no throw by CF
|
Batting: RHB Marty Castillo
|
0-0: Grounds into double play, 6-4-3 (Groundball, 6, EV 95.0 MPH) Jim Rice scores
|
Batting: LHB Gerald Perry
|
0-0: Called Strike 0-1: SINGLE (Groundball, 4MD, EV 94.4 MPH)
|
Batting: RHB Bob Brenly
|
0-0: Ball 1-0: Ball 2-0: Fly out, F8 (Flyball, 8RM, EV 77.5 MPH)
|
Bottom of the 2nd over - 1 run, 3 hits, 0 errors, 1 left on base; Atlanta 0 - Chicago 1 |
TOP OF THE 3RD |
Atlanta Braves batting - Pitching for Chicago Cubs : RHP Danny Darwin
|
Batting: LHB Randy Lerch
|
0-0: Swinging Strike 0-1: Ball 1-1: Foul Ball, location: 2F 1-2: Foul Ball, location: 2F 1-2: Ball 2-2: Ball 3-2: Fly out, F9 (Flyball, 89D, EV 105.0 MPH)
|
Batting: SHB Tony Fernandez
|
0-0: Ball 1-0: Ball 2-0: Fly out, F7 (Flyball, 7S, EV 88.1 MPH)
|
Batting: LHB Mike Hargrove
|
0-0: Called Strike 0-1: Ground out 4-3 (Groundball, 4, EV 84.4 MPH)
|
Top of the 3rd over - 0 runs, 0 hits, 0 errors, 0 left on base; Atlanta 0 - Chicago 1 |
BOTTOM OF THE 3RD |
Chicago Cubs batting - Pitching for Atlanta Braves : LHP Randy Lerch
|
Batting: RHB Danny Darwin
|
0-0: Swinging Strike 0-1: Swinging Strike 0-2: Ball 1-2: Strikes out swinging
|
Batting: RHB Gary Ward
|
0-0: Ball 1-0: Foul Ball, location: 2F 1-1: Called Strike 1-2: DOUBLE (Line Drive, 7LM, EV 103.1 MPH)
|
Batting: RHB Randy Ready
|
0-0: Ground out 5-3 (Groundball, 56, EV 109.4 MPH)
|
Batting: RHB Lonnie Smith
|
0-0: Fly out, F6 (Popup, 6MS, EV 67.5 MPH)
|
Bottom of the 3rd over - 0 runs, 1 hit, 0 errors, 1 left on base; Atlanta 0 - Chicago 1 |
TOP OF THE 4TH |
Atlanta Braves batting - Pitching for Chicago Cubs : RHP Danny Darwin
|
Batting: LHB Leon Durham
|
0-0: Called Strike 0-1: Ball 1-1: Ball 2-1: Called Strike 2-2: Fly out, F3 (Line Drive, 3, EV 60.6 MPH)
|
Batting: LHB Karl Pagel
|
0-0: Called Strike 0-1: SINGLE (Groundball, 4D, EV 98.1 MPH)
|
Batting: LHB Mike Scioscia
|
0-0: Ball 1-0: Ball 2-0: SINGLE (Line Drive, 56D, EV 110.6 MPH) Karl Pagel to second
|
Batting: RHB Craig Kusick
|
0-0: Foul Ball, location: 2F 0-1: Foul Ball, location: 2F 0-2: Ball 1-2: Grounds into double play, 1-4-3 (Groundball, 15S, EV 60.0 MPH)
|
Top of the 4th over - 0 runs, 2 hits, 0 errors, 1 left on base; Atlanta 0 - Chicago 1 |
BOTTOM OF THE 4TH |
Chicago Cubs batting - Pitching for Atlanta Braves : LHP Randy Lerch
|
Batting: RHB Jim Rice
|
0-0: SINGLE (Groundball, 5D, EV 96.3 MPH)
|
Batting: SHB Roy Smalley
|
0-0: Ball 1-0: Ball 2-0: Called Strike 2-1: Swinging Strike 2-2: Foul Ball, location: 2F 2-2: Strikes out swinging Jim Rice is caught stealing 2nd base 2-4 Batter strikes out.
|
Batting: RHB Marty Castillo
|
0-0: Ball 1-0: Foul Ball, location: 2F 1-1: Foul Ball, location: 2F 1-2: Ball 2-2: DOUBLE (Line Drive, 7LD, EV 111.9 MPH)
|
Batting: LHB Gerald Perry
|
0-0: Foul Ball, location: 2F 0-1: Ball 1-1: Foul Ball, location: 2F 1-2: Ball 2-2: Fly out, F2 (Popup, 5SF, EV 87.5 MPH)
|
Bottom of the 4th over - 0 runs, 2 hits, 0 errors, 1 left on base; Atlanta 0 - Chicago 1 |
TOP OF THE 5TH |
Atlanta Braves batting - Pitching for Chicago Cubs : RHP Danny Darwin
|
Batting: LHB Joe L Morgan
|
0-0: Called Strike 0-1: Called Strike 0-2: Ball 1-2: Ball 2-2: Foul Ball, location: 2F 2-2: Fly out, F9 (Flyball, 9LS, EV 74.4 MPH)
|
Batting: SHB UL Washington
|
0-0: Fly out, F7 (Flyball, 7LM, EV 83.1 MPH)
|
Batting: LHB Randy Lerch
|
0-0: Ground out 4-3 (Groundball, 4, EV 80.0 MPH)
|
Top of the 5th over - 0 runs, 0 hits, 0 errors, 0 left on base; Atlanta 0 - Chicago 1 |
BOTTOM OF THE 5TH |
Chicago Cubs batting - Pitching for Atlanta Braves : LHP Randy Lerch
|
Batting: RHB Bob Brenly
|
0-0: Ball 1-0: Foul Ball, location: 2F 1-1: Ball 2-1: Swinging Strike 2-2: Reached on error, E5 (Groundball, 56, EV 86.9 MPH)
|
Batting: RHB Danny Darwin
|
0-0: Sac Bunt to 13 - play at first, batter OUT! 1-4 Bob Brenly to third
|
Batting: RHB Gary Ward
|
0-0: Ball 1-0: Reached on error, E8 (Flyball, 8RD, EV 96.3 MPH) Bob Brenly scores
|
Batting: RHB Randy Ready
|
0-0: Called Strike 0-1: Foul Ball, location: 2F 0-2: Ball 1-2: Strikes out swinging
|
Batting: RHB Lonnie Smith
|
0-0: Intentional Walk
|
Batting: RHB Jim Rice
|
0-0: Called Strike 0-1: SINGLE (Line Drive, 7LM, EV 105.0 MPH) Gary Ward to third Lonnie Smith to second Runner from 3rd tries for Home, SAFE, throw by LF to home
|
Batting: SHB Roy Smalley
|
0-0: Ball 1-0: Ball 2-0: Swinging Strike 2-1: Swinging Strike 2-2: Ball 3-2: Foul Ball, location: 2F 3-2: Ground out 2-3 (Groundball, 2R, EV 65.0 MPH)
|
Bottom of the 5th over - 2 runs, 1 hit, 2 errors, 2 left on base; Atlanta 0 - Chicago 3 |
TOP OF THE 6TH |
Atlanta Braves batting - Pitching for Chicago Cubs : RHP Danny Darwin
|
Batting: SHB Tony Fernandez
|
0-0: Ground out 4-3 (Groundball, 4D, EV 103.8 MPH)
|
Batting: LHB Mike Hargrove
|
0-0: Ball 1-0: Called Strike 1-1: Foul Ball, location: 2F 1-2: Ball 2-2: Foul Ball, location: 2F 2-2: SINGLE (Groundball, 34S, EV 70.6 MPH) (infield hit)
|
Batting: LHB Leon Durham
|
0-0: Ball 1-0: Ball 2-0: Ball 3-0: Called Strike 3-1: Foul Ball, location: 2F 3-2: Fly out, F9 (Flyball, 9LM, EV 80.6 MPH)
|
Batting: LHB Karl Pagel
|
0-0: Called Strike 0-1: Ball 1-1: Ball 2-1: Fly out, F7 (Flyball, 7LM, EV 84.4 MPH)
|
Top of the 6th over - 0 runs, 1 hit, 0 errors, 1 left on base; Atlanta 0 - Chicago 3 |
BOTTOM OF THE 6TH |
Chicago Cubs batting - Pitching for Atlanta Braves : LHP Randy Lerch
|
Batting: RHB Marty Castillo
|
0-0: Ball 1-0: Ball 2-0: Called Strike 2-1: DOUBLE (Flyball, 89D, EV 99.4 MPH)
|
Batting: LHB Gerald Perry
|
0-0: Bunted foul 0-1: Bunted foul 0-2: Ball 1-2: Strikes out swinging
|
Batting: RHB Bob Brenly
|
0-0: Ball 1-0: Ground out 4-3 (Groundball, 4, EV 85.0 MPH) Marty Castillo to third
|
Batting: RHB Danny Darwin
|
0-0: Called Strike 0-1: Foul Ball, location: 2F 0-2: Ball 1-2: Strikes out looking
|
Bottom of the 6th over - 0 runs, 1 hit, 0 errors, 1 left on base; Atlanta 0 - Chicago 3 |
TOP OF THE 7TH |
Atlanta Braves batting - Pitching for Chicago Cubs : RHP Danny Darwin
|
Batting: LHB Mike Scioscia
|
0-0: Called Strike 0-1: Ball 1-1: Ball 2-1: Ground out 4-3 (Groundball, 4, EV 78.8 MPH)
|
Batting: RHB Craig Kusick
|
0-0: Ball 1-0: Ball 2-0: Ball 3-0: Called Strike 3-1: Swinging Strike 3-2: Foul Ball, location: 2F 3-2: Ground out 5-3 (Groundball, 56S, EV 68.1 MPH)
|
Batting: LHB Joe L Morgan
|
0-0: Swinging Strike 0-1: Foul Ball, location: 2F 0-2: Ball 1-2: Foul Ball, location: 2F 1-2: Ball 2-2: Fly out, F9 (Flyball, 9, EV 99.4 MPH)
|
Top of the 7th over - 0 runs, 0 hits, 0 errors, 0 left on base; Atlanta 0 - Chicago 3 |
BOTTOM OF THE 7TH |
Chicago Cubs batting - Pitching for Atlanta Braves : LHP Randy Lerch
|
Batting: RHB Gary Ward
|
0-0: Foul Ball, location: 2F 0-1: Foul Ball, location: 2F 0-2: Ball 1-2: Foul Ball, location: 2F 1-2: Ball 2-2: Strikes out looking
|
Batting: RHB Randy Ready
|
0-0: Called Strike 0-1: Ball 1-1: Foul Ball, location: 2F 1-2: SINGLE (Groundball, 56S, EV 67.5 MPH) (infield hit)
|
Batting: RHB Lonnie Smith
|
0-0: Called Strike 0-1: Ball 1-1: Foul Ball, location: 2F 1-2: Fly out, F8 (Flyball, 8RD, EV 100.0 MPH)
|
Batting: RHB Jim Rice
|
0-0: Foul Ball, location: 2F 0-1: SINGLE (Line Drive, 8LS, EV 95.0 MPH) Randy Ready to second Runner from 2nd tries for 3rd, SAFE, no throw by CF
|
Batting: SHB Roy Smalley
|
0-0: Ball 1-0: Swinging Strike 1-1: Ball 2-1: Foul Ball, location: 2F 2-2: Strikes out swinging
|
Bottom of the 7th over - 0 runs, 2 hits, 0 errors, 2 left on base; Atlanta 0 - Chicago 3 |
TOP OF THE 8TH |
Atlanta Braves batting - Pitching for Chicago Cubs : RHP Danny Darwin
|
Pitching: LHP Dave Dravecky
|
|
Batting: SHB UL Washington
|
0-0: Foul Ball, location: 2F 0-1: Ground out 6-3 (Groundball, 6, EV 85.6 MPH)
|
Pinch Hitting: RHB Gil Flores
|
0-0: Foul Ball, location: 2F 0-1: Foul Ball, location: 2F 0-2: Strikes out swinging
|
Batting: SHB Tony Fernandez
|
0-0: Ground out 6-3 (Groundball, 6, EV 85.6 MPH)
|
Top of the 8th over - 0 runs, 0 hits, 0 errors, 0 left on base; Atlanta 0 - Chicago 3 |
BOTTOM OF THE 8TH |
Chicago Cubs batting - Pitching for Atlanta Braves : LHP Randy Lerch
|
Pitching: RHP Rick Sutcliffe
|
|
Batting: RHB Marty Castillo
|
0-0: Ball 1-0: Ball 2-0: Swinging Strike 2-1: Ball 3-1: Base on Balls
|
Batting: LHB Gerald Perry
|
0-0: Called Strike 0-1: Ball 1-1: Sac Bunt to 15S - play at second, runner OUT! 1-6
|
Batting: RHB Bob Brenly
|
0-0: Called Strike Gerald Perry steals 2nd base (no throw) 0-1: Ball 1-1: Swinging Strike 1-2: Foul Ball, location: 2F 1-2: Foul Ball, location: 2F 1-2: SINGLE (Groundball, 6D, EV 101.3 MPH) Gerald Perry to third Runner from 3rd tries for Home, SAFE, throw by LF to home
|
Pinch Hitting: RHB Fran Mullins
|
0-0: Called Strike 0-1: Ball 1-1: Ball 2-1: Foul Ball, location: 2F 2-2: Ball 3-2: Ground out 4-3 (Groundball, 4, EV 90.0 MPH) Bob Brenly to second
|
Batting: RHB Gary Ward
|
0-0: Swinging Strike 0-1: Swinging Strike 0-2: Fly out, F7 (Flyball, 7D, EV 96.9 MPH)
|
Bottom of the 8th over - 1 run, 1 hit, 0 errors, 1 left on base; Atlanta 0 - Chicago 4 |
TOP OF THE 9TH |
Atlanta Braves batting - Pitching for Chicago Cubs : LHP Dave Dravecky
|
Pitching: RHP George Durham
|
|
Batting: LHB Mike Hargrove
|
0-0: Called Strike 0-1: Fly out, F8 (Line Drive, 8LM, EV 88.8 MPH)
|
Batting: LHB Leon Durham
|
0-0: Ball 1-0: Ball 2-0: SINGLE (Line Drive, 6D, EV 108.1 MPH)
|
Batting: LHB Karl Pagel
|
0-0: Ball 1-0: Foul Ball, location: 2F 1-1: Ball 2-1: Ball 3-1: Base on Balls Leon Durham to second
|
Batting: LHB Mike Scioscia
|
0-0: Called Strike 0-1: Ball 1-1: Called Strike 1-2: Fly out, F5 (Popup, 56S, EV 78.1 MPH)
|
Batting: RHB Craig Kusick
|
0-0: Called Strike 0-1: Called Strike 0-2: SINGLE (Groundball, 4D, EV 102.5 MPH) Leon Durham to third Karl Pagel to second
|
Batting: LHB Joe L Morgan
|
0-0: Ball 1-0: Ball 2-0: Called Strike 2-1: Ball 3-1: Called Strike 3-2: Base on Balls Leon Durham scores Karl Pagel to third Craig Kusick to second
|
Pinch Hitting: LHB Bobby Murcer
|
0-0: Ball 1-0: Ball 2-0: Ball 3-0: Called Strike 3-1: Fly out, F7 (Flyball, 7, EV 86.9 MPH)
|
Top of the 9th over - 1 run, 2 hits, 0 errors, 3 left on base; Atlanta 1 - Chicago 4 |
|